 Dungeon Crawl Stone Soup version 0.23-a0-301-g9da9e51 (webtiles) character file.

96 DrChives the Shield-Bearer (level 4, -2/40 HPs)
             Began as a Minotaur Fighter on Oct 8, 2018.
             Was an Initiate of Okawaru.
             Killed by divine providence
             ... invoked by an orc priest
              (12 damage)
             ... on level 3 of the Dungeon.
             The game lasted 00:08:30 (1674 turns).

DrChives the Shield-Bearer (Minotaur Fighter)       Turns: 1674, Time: 00:08:30

Health: -2/40      AC: 13    Str: 21    XL:     4   Next: 41%
Magic:  3/3        EV:  4    Int:  5    God:    Okawaru [......]
Gold:   79         SH:  9    Dex: 10    Spells: 3/3 levels left

rFire    . . .     SeeInvis .   a - +0 trident
rCold    . . .     Gourm    .   c - +0 shield
rNeg     . . .     Faith    .   p - +0 plate armour
rPois    .         Spirit   .   (helmet restricted)
rElec    .         Reflect  .   (no cloak)
rCorr    .         Harm     .   (no gloves)
MR       .....                  k - +0 pair of boots
Stlth    ..........             (no amulet)
HPRegen  0.13/turn              (no ring)
MPRegen  0.08/turn              (no ring)

@: no status effects
A: retaliatory headbutt, horns 2
a: Renounce Religion


You were on level 3 of the Dungeon.
You worshipped Okawaru.
Okawaru was noncommittal.
You were not hungry.

You visited 1 branch of the dungeon, and saw 3 of its levels.

You collected 79 gold pieces.

Inventory:

Hand Weapons
 a - a +0 trident (weapon)
 g - a +1 short sword of venom
Armour
 b - a +0 scale mail
 c - a +0 shield (worn)
 k - a +0 pair of boots (worn)
 l - a +2 chain mail
 p - a +0 plate armour (worn)
Jewellery
 o - an uncursed amulet of the gourmand {unknown}
Scrolls
 i - 2 scrolls of fear
Potions
 d - a potion of might
 e - a potion of degeneration
 h - a potion of flight {unknown}
 j - a potion of mutation {unknown}
 m - a potion of curing {unknown}
 n - a potion of ambrosia {unknown}


   Skills:
 + Level 4.2 Fighting
 + Level 3.8 Polearms
 + Level 4.3 Armour
 + Level 0.8 Dodging
 + Level 4.3 Shields


You had 3 spell levels left.
You didn't know any spells.
Your spell library was empty.

Dungeon Overview and Level Annotations

Branches:
Dungeon (3/15)

Altars:
Fedhas
Okawaru


Innate Abilities, Weirdness & Mutations

You reflexively headbutt those who attack you in melee.
You have a pair of horns on your head.


Message History

The orc is almost dead.
The orc hits you but does no damage. The orc barely misses you.
You barely miss the orc.
The orc is almost dead.
The orc hits you but does no damage. You block the orc's attack.
You closely miss the orc.
The orc is almost dead.
The orc closely misses you. You block the orc's attack.
You closely miss the orc. You headbutt the orc.
You kill the orc!
Okawaru accepts your kill.
A kobold comes into view. It is wielding a dagger.
The orc hits you but does no damage. You block the orc's attack.
The kobold moves out of view.
You puncture the orc!
You kill the orc!
Okawaru accepts your kill.
The orc priest mumbles some strange prayers to Beogh against you.
Beogh smites you!
You die...

... #.# ..##..
..... ..$####
..... ..###
#.#o#
......##.#o##>#
#..<.@)...#
##...###..#
.......# ...
#####..# # #...
#.#.# #.#.#
#.#.#


You could see an orc priest and an orc.

Vanquished Creatures
  Terence (D:2)
  2 adders (D:2)
  A dart slug (D:1)
  2 leopard geckos (D:2)
  3 orcs (D:3)
  5 giant cockroaches
  6 goblins
  7 hobgoblins
  5 jackals (D:1)
  A quokka (D:2)
  2 bats
  A frilled lizard (D:1)
  3 kobolds (D:1)
  6 rats
45 creatures vanquished.

Notes
Turn   | Place    | Note
-------+----------+-------------------------------------------
     0 | D:1      | DrChives the Minotaur Fighter began the quest for the Orb.
     0 | D:1      | Reached XP level 1. HP: 19/19 MP: 0/0
   168 | D:1      | Reached XP level 2. HP: 9/27 MP: 1/1
   666 | D:1      | Reached XP level 3. HP: 28/33 MP: 2/2
  1033 | D:2      | Noticed Terence
  1043 | D:2      | Killed Terence
  1237 | D:2      | Reached XP level 4. HP: 33/40 MP: 3/3
  1358 | D:2      | Found a blossoming altar of Fedhas.
  1520 | D:2      | Found an iron altar of Okawaru.
  1528 | D:2      | Became a worshipper of Warmaster Okawaru
  1674 | D:3      | Killed from afar by an orc priest

Vault maps used:
D:1:      minmay_arrival_plants_in_alcoves, nrook_mini_backslash
D:2:      fedhas_altar_2, okawaru_metal_pillars_1_2, uniq_terence
D:3:      uniq_sigmund, uniq_natasha

Skill      XL: |  1  2 |
---------------+-------+-----
Armour         | 4 |  4.3
Shields        | 4 |  4.3
Fighting       | 4 |  4.2
Polearms       | 3 |  3.8
Dodging        | |  0.8

Action                   |  1- 3 |  4- 6 || total
-------------------------+-------+-------++-------
Melee: Trident           |    90 |    36 ||   126
       Headbutt          |    11 |     8 ||    19
  Use: Scroll            |     6 |     1 ||     7
  Eat: Ration            |       |     1 ||     1
Armor: Scale mail        |    40 |       ||    40
       Chain mail        |    13 |     5 ||    18
       Plate armour      |       |    11 ||    11
Dodge: Dodged            |    43 |    10 ||    53
Block: Shield            |    64 |    16 ||    80

Table legend:
 A = Non-vault XP
 B = Vault XP
 C = Vault XP percentage of total XP
 D = Non-vault monster count
 E = Vault monster count
 F = Vault count percentage of total count
                 A         B        C        D         E       F
            +---------+---------+-------+---------+---------+-------
      Total |     106 |      32 |  23.2 |      44 |       1 |   2.2
            +---------+---------+-------+---------+---------+-------
        D:1 |      46 |       0 |   0.0 |      27 |       0 |   0.0
        D:2 |      51 |      32 |  38.6 |      14 |       1 |   6.7
        D:3 |       9 |       0 |   0.0 |       3 |       0 |   0.0
            +---------+---------+-------+---------+---------+-------
